 Dungeon Crawl Stone Soup version 0.20-b1-24-gb21faa7 (webtiles) character file.

3139 Gorglomux the Ruffian (level 9, -9/133 HPs)
             Began as a Troll Fighter on May 25, 2017.
             Was a Follower of Ru.
             Mangled by a queen bee (14 damage)
             ... on level 7 of the Dungeon.
             The game lasted 00:03:29 (4669 turns).

Gorglomux the Ruffian (Troll Fighter)               Turns: 4669, Time: 00:03:29

Health: -9/133     AC:  7    Str: 31    XL:     9   Next: 61%
Magic:  17/17      EV: 11    Int:  4    God:    Ru [*.....]
Gold:   277        SH: 11    Dex: 12    Spells: 8/8 levels left

rFire    . . .     SeeInvis .     - Unarmed
rCold    . . .     Gourm    +   b - +0 shield
rNeg     . . .     Faith    .   a - +0 robe
rPois    .         Spirit   .   (helmet restricted)
rElec    .         Reflect  .   A - +1 cloak
rCorr    .         Harm     .   (gloves unavailable)
MR       .....                  (boots unavailable)
Stlth    ..........             (no amulet)
Regen    0.8/turn               x - ring of stealth
MPRegen  0.2/turn               D - ring of magical power

@: berserking, lethally poisoned (-9 -> -9), very quick
A: unfitting armour, claws 3, fast metabolism 3, gourmand, regeneration 1,
shaggy fur 1, tough skin 2, no earth magic, no summoning magic, no
transmutations magic
a: Renounce Religion


You were on level 7 of the Dungeon.
You worshipped Ru.
Ru was aware of your devotion.
You were completely stuffed.

You visited 1 branch of the dungeon, and saw 10 of its levels.

You collected 277 gold pieces.

Inventory:

Armour
 a - a +0 robe (worn)
 b - a +0 shield (worn)
 A - a +1 cloak (worn)
Jewellery
 x - a ring of stealth (left claw)
 D - a ring of magical power (right claw)
Wands
 L - a wand of lightning (7/15)
 P - a wand of paralysis (3/24)
 Z - a wand of disintegration (15/24)
Scrolls
 E - 3 scrolls of remove curse
 F - a scroll of fog {unknown}
 I - a scroll of amnesia {unknown}
 J - a scroll of enchant weapon {unknown}
 T - 2 scrolls of teleportation
 V - a scroll of enchant armour {unknown}
 X - a scroll of silence {unknown}
Potions
 c - a potion of might
 g - 5 potions of heal wounds
 i - a potion of magic
 t - a potion of brilliance
 u - 2 potions of haste
 v - 2 potions of mutation
 K - a potion of ambrosia
 Q - 4 potions of curing
 W - a potion of agility {unknown}
Comestibles
 d - 8 bread rations
 z - 2 meat rations
 G - 3 royal jellies
 H - 2 fruits
 Y - 2 chunks of flesh


   Skills:
 + Level 6.1 Fighting
 + Level 6.1 Dodging
 + Level 6.2 Shields
 + Level 7.1 Unarmed Combat


You had 8 spell levels left.
You didn't know any spells.

Dungeon Overview and Level Annotations

Branches:
Dungeon (10/15)            Temple (0/1) D:4            Lair (0/6) D:8
    Orc: D:9-12

Altars:
Fedhas
Makhleb
Ru
Sif Muna
Zin

Shops:
D:6 *


Innate Abilities, Weirdness & Mutations

You are too large for most types of armour.
You have claws for hands.
Your metabolism is lightning-fast.
You like to eat raw meat.
Your natural rate of healing is unusually fast.
You are covered in fur. (AC +1)
You have very tough skin. (AC +2)
You cannot study or cast Earth magic.
You cannot study or cast Summoning magic.
You cannot study or cast Transmutations magic.


Message History

The basilisk is heavily wounded.
The basilisk barely misses you. The queen bee barely misses you.
Unknown command.
You mangle the basilisk!!
You kill the basilisk!
You feel sick.
You scratch the queen bee but do no damage.
The queen bee is lightly wounded.
The queen bee closely misses you.
You scratch the queen bee.
The queen bee is moderately wounded.
You feel sick. The queen bee stings you.
* * * LOW HITPOINT WARNING * * *
You closely miss the queen bee.
The queen bee is moderately wounded.
You feel sick.
You closely miss the queen bee.
The queen bee is moderately wounded.
The queen bee stings you!
You die... # #.######### #..@y...... ###########

You could see a queen bee.

Vanquished Creatures
  A death yak (D:8)
  A basilisk (D:7)
  Menkaure (D:7)
  A phantom (D:4)
  An ice beast (D:8)
  A necrophage (D:8)
  3 ogres
  A centaur (D:6)
  A big kobold (D:6)
  3 bullfrogs
  8 killer bees (D:8)
  3 wights (D:9)
  3 howler monkeys
  A crimson imp (D:6)
  An orc priest (D:8)
  A bullfrog zombie (D:5)
  3 iron imps (D:8)
  A jelly (D:7)
  A centaur skeleton (D:6)
  A bullfrog skeleton (D:5)
  A hound (D:4)
  5 orc wizards
  Terence (D:2)
  5 worker ants
  A hound skeleton (D:5)
  A worker ant zombie (D:8)
  4 gnolls
  4 adders
  A shadow imp (D:4)
  2 oozes (D:2)
  3 adder skeletons
  An adder zombie (D:5)
  A worm (D:2)
  4 dart slugs
  4 leopard geckos
  20 orcs
  4 giant cockroaches
  8 goblins
  6 hobgoblins
  5 jackals (D:1)
  A ball python (D:3)
  8 bats
  5 frilled lizards
  15 kobolds
  9 rats
156 creatures vanquished.

Vanquished Creatures (others)
  A fungus (D:8)
1 creature vanquished.

Grand Total: 157 creatures vanquished

Notes
Turn   | Place    | Note
-------+----------+-------------------------------------------
     0 | D:1      | Gorglomux the Troll Fighter began the quest for the Orb.
     0 | D:1      | Reached XP level 1. HP: 22/22 MP: 0/0
   110 | D:1      | Reached XP level 2. HP: 28/29 MP: 1/1
   488 | D:1      | Reached XP level 3. HP: 35/36 MP: 2/2
   509 | D:2      | Found a blossoming altar of Fedhas.
   615 | D:2      | Found a deep blue altar of Sif Muna.
  1134 | D:2      | Noticed Terence
  1145 | D:2      | Killed Terence
  1145 | D:2      | Reached skill level 3 in Dodging
  1145 | D:2      | Reached skill level 3 in Unarmed Combat
  1145 | D:2      | Reached XP level 4. HP: 44/44 MP: 3/3
  1328 | D:3      | Reached skill level 3 in Shields
  1348 | D:3      | Reached skill level 3 in Fighting
  1395 | D:3      | Reached XP level 5. HP: 51/53 MP: 4/4
  1941 | D:4      | Found a sacrificial altar of Ru.
  1959 | D:4      | Became a worshipper of Ru the Awakened
  1974 | D:4      | Noticed a phantom
  1988 | D:4      | Killed a phantom
  1988 | D:4      | Reached XP level 6. HP: 61/61 MP: 5/5
  2374 | D:4      | Reached skill level 4 in Unarmed Combat
  2416 | D:4      | Found a staircase to the Ecumenical Temple.
  2554 | D:5      | Entered Level 5 of the Dungeon
  2928 | D:5      | Reached XP level 7. HP: 68/68 MP: 6/6
  2975 | D:5      | Found a sacrificial altar of Ru.
  3238 | D:6      | Found Zin's Purification Station.
  3245 | D:6      | Found a glowing silver altar of Zin.
  3574 | D:6      | Reached skill level 5 in Unarmed Combat
  3595 | D:6      | Reached XP level 8. HP: 55/79 MP: 7/7
  3826 | D:6      | Found Assog's Book Shoppe.
  3984 | D:7      | Noticed Menkaure
  3992 | D:7      | Killed Menkaure
  4174 | D:7      | You fall through a shaft for 3 floors!
  4174 | D:10     | Entered Level 10 of the Dungeon
  4193 | D:10     | Gained mutation: You cannot study or cast Earth magic. [Ru sacrifice]
  4193 | D:10     | Gained mutation: You cannot study or cast Transmutations magic. [Ru sacrifice]
  4193 | D:10     | Gained mutation: You cannot study or cast Summoning magic. [Ru sacrifice]
  4193 | D:10     | Reached * piety under Ru
  4397 | D:8      | Reached skill level 6 in Unarmed Combat
  4429 | D:8      | Reached XP level 9. HP: 52/88 MP: 8/8
  4439 | D:8      | Found a burning altar of Makhleb.
  4612 | D:8      | Found a staircase to the Lair.
  4635 | D:8      | Noticed a death yak
  4641 | D:8      | Noticed a queen bee
  4653 | D:8      | Killed a death yak
  4653 | D:8      | Reached skill level 6 in Fighting
  4653 | D:8      | Reached skill level 6 in Dodging
  4653 | D:8      | Reached skill level 6 in Shields
  4653 | D:8      | Reached skill level 7 in Unarmed Combat
  4667 | D:7      | HP: 5/133 [queen bee (3)]
  4669 | D:7      | Mangled by a queen bee

Skill      XL: |  1  2  3  4  5  6  7  8  9 |
---------------+----------------------------+-----
Dodging        | 3 4 5 6 |  6.1
Unarmed Combat | 3 4 5 6 7 |  7.1
Shields        | 3 4 5 6 |  6.2
Fighting       | 3 4 5 6 |  6.1

Action                   |  1- 3 |  4- 6 |  7- 9 || total
-------------------------+-------+-------+-------++-------
Melee: Unarmed           |   129 |   181 |   234 ||   544
Invok: Sacrifice Arcana  |       |       |     1 ||     1
  Use: Scroll            |       |       |    10 ||    10
       Potion            |       |       |     1 ||     1
 Stab: Sleeping          |     2 |     6 |     2 ||    10
  Eat: Chunk             |    16 |    17 |    16 ||    49
Armor: Robe              |    44 |    40 |    37 ||   121
Dodge: Dodged            |    34 |    35 |    99 ||   168
Block: Shield            |    52 |    74 |   100 ||   226
